 Dungeon Crawl Stone Soup version 0.25-a0-1007-g10a8c3caa8 (webtiles) character file.

Game seed: 131008577162147911, levelgen mode: classic

4247 Amnesiac the Frost Mage (level 10, -6/52 HPs)
             Began as a Deep Elf Ice Elementalist on May 11, 2020.
             Was an Initiate of Vehumet.
             Mangled by a wight
             ... wielding a +2 short sword
              (9 damage)
             ... on level 8 of the Dungeon.
             The game lasted 00:20:33 (9972 turns).

Amnesiac the Frost Mage (Deep Elf Ice Elementalist) Turns: 9972, Time: 00:20:33

Health: -6/52      AC:  4    Str:  5    XL:     10   Next: 9%
Magic:  25/26      EV: 13    Int: 24    God:    Vehumet [......]
Gold:   365        SH:  0    Dex: 15    Spells: 13/30 levels left

rFire    . . .     SeeInvis .   a - +0 arbalest
rCold    . . .     Gourm    .   (shield currently unavailable)
rNeg     . . .     Faith    .   I - +0 robe (curse)
rPois    .         Spirit   .   (no helmet)
rElec    .         Reflect  .   m - +0 cloak
rCorr    +         Harm     .   r - +0 pair of gloves
MR       +....                  (no boots)
Stlth    ++........             (no amulet)
HPRegen  0.17/turn              f - ring of resist corrosion
MPRegen  0.20/turn              l - +4 ring of slaying

@: lethally poisoned (-6 -> -12), slowed, lightly drained, very slow
A: no striking features
a: Renounce Religion


You were on level 8 of the Dungeon.
You worshipped Vehumet.
Vehumet was noncommittal.
You were not hungry.

You visited 2 branches of the dungeon, and saw 9 of its levels.

You collected 365 gold pieces.

Inventory:

Hand Weapons
 a - a +0 arbalest (weapon)
 b - a +0 halberd
 p - a +2 whip of venom
 J - a +1 dagger of draining
 L - a +0 hunting sling
 M - a +2 morningstar of freezing
Missiles
 h - 328 stones
 t - 69 sling bullets
 A - 36 bolts (quivered)
Armour
 m - a +0 cloak (worn)
 r - a +0 pair of gloves (worn)
 C - a +1 robe of fire resistance
 I - a cursed +0 robe (worn)
Magical Staves
 w - an uncursed staff of cold
 H - an uncursed staff of energy {!a}
 P - an uncursed staff of cold
Jewellery
 f - a ring of resist corrosion (left hand)
 l - a +4 ring of slaying (right hand)
Wands
 n - a wand of paralysis (20)
 o - a wand of flame (28)
 F - a wand of acid (8)
Scrolls
 i - 3 scrolls of enchant weapon {!r}
 k - 5 scrolls of remove curse {!r}
 q - 5 scrolls of amnesia {!r}
 u - 7 scrolls of teleportation {!r}
 y - a scroll of fear {!r}
 z - 2 scrolls of magic mapping {!r}
 E - a scroll of fog {!r, unknown}
 K - a scroll of brand weapon {!r, unknown}
 Q - a scroll of immolation {!r, unknown}
Potions
 d - 5 potions of might {!q}
 e - 2 potions of heal wounds {!q}
 g - a potion of flight {!q}
 j - a potion of curing {!q}
 s - a potion of berserk rage {!q}
 v - 2 potions of brilliance {!q}
 x - a potion of haste {!q}
 D - a potion of degeneration {!q, unknown}
 G - a potion of stabbing {!q, unknown}
 O - a potion of resistance {!q, unknown}
Comestibles
 c - 10 rations
 N - 3 chunks of flesh


   Skills:
 + Level 1.4(0.9) Fighting
 - Level 3.4(2.8) Dodging
 - Level 3.0(2.4) Stealth
 + Level 10.8(10.2) Spellcasting
 * Level 12.8(12.2) Ice Magic
 - Level 3.0(2.4) Evocations


You had 13 spell levels left.
You knew the following spells:

 Your Spells              Type           Power        Failure   Level  Hunger
a - Freeze                Ice            ####         1%          1    None
b - Frozen Ramparts       Ice            ######       1%          3    None
c - Summon Ice Beast      Ice/Summ       #####...     4%          4    #......
d - Ensorcelled Hibernat  Hex/Ice        #####.       1%          2    None
e - Hailstorm             Conj/Ice       #####...     4%          4    #......
z - Ozocubu's Armour      Chrm/Ice       #####...     1%          3    None

Your spell library contained the following spells:

 Spells                   Type           Power        Failure   Level  Hunger
 Corona                   Hex            ##.....      5%          1    None
 Confusing Touch          Hex            ##......     16%         3    None
 Dazzling Flash           Conj/Hex       ##....       16%         3    None
 Tukima's Dance           Hex            ##......     16%         3    None


Dungeon Overview and Level Annotations

Branches:
Dungeon (8/15)             Temple (1/1) D:5
   Lair: D:8-11

Altars:
Ashenzari
Cheibriados
Dithmenos
Elyvilon
Fedhas
Gozag
Hepliaklqana
Makhleb
Nemelex Xobeh
Okawaru
Qazlal
Ru
Sif Muna
Trog
Uskayaw
Vehumet
Wu Jian
Xom
Yredelemnul
Zin
The Shining One
Lugonu

Shops:
D:8 *

Annotations:
D:1 1 exclusion


Message History

You feel as though you will be slow longer.
The wight resists.
The wall freezes the wight.
Unknown command.
Unknown command.
You feel sick.
The wight completely resists.
The wall freezes the wight but do no damage.
The wight resists.
The wall freezes the wight.
The wight resists.
The wall freezes the wight.
The wight resists.
The wall freezes the wight.
You feel sick.
The wight resists.
The wall freezes the wight.
The wight resists.
The wall freezes the wight.
The wight resists.
The wall freezes the wight.
Evoke which item? (* to show all) (? for menu, Esc to quit)
Aiming: Iceblast
Press: ? - help, Shift-Dir - straight line, p - wight That beam is likely to hit you.
Continue anyway?
Okay, then.
Evoke which item? (* to show all) (? for menu, Esc to quit)
Aiming: Iceblast
Press: ? - help, Shift-Dir - straight line The mass of ice explodes!
The iceblast engulfs the wight!
The wight partially resists.
The wight is almost destroyed.
The iceblast engulfs the wight!
The wight partially resists.
You destroy the wight!
Vehumet accepts your kill.
The iceblast engulfs the wight.
The wight partially resists.
The wight is heavily damaged.
The now-empty wand crumbles to dust.
You feel sick.
The wight completely resists.
The wall freezes the wight but do no damage.
The wight hits you from afar with a +4 spear.
* * * LOW HITPOINT WARNING * * *
The wight resists.
The wall freezes the wight.
The wight hits you with a +2 short sword.
* * * LOW HITPOINT WARNING * * *
You feel drained.
* * * LOW HITPOINT WARNING * * *
The wight resists.
The wall freezes the wight.
The wight barely misses you.
Unknown command.
You feel sick.
The wight resists.
The wall freezes the wight.
You feel sick.
The wight resists.
The wall freezes the wight.
The wight completely resists.
The wall freezes the wight but do no damage.
The wight completely misses you.
The wight resists.
The wall freezes the wight.
The wight hits you from afar with a +4 spear!
* * * LOW HITPOINT WARNING * * *
You feel drained.
* * * LOW HITPOINT WARNING * * *
Evoke which item? (* to show all) (? for menu, Esc to quit)
Aiming: Corrosive Bolt
Press: ? - help, Shift-Dir - straight line, f - wight
Aim: a wight, wielding a +4 spear and wearing a cursed +0 robe (almost destroyed)
The bolt of acid hits the wight.
The wight is splashed with acid.
The acid corrodes the wight!
The wight is almost destroyed.
The bolt of acid hits the wight!
The wight is splashed with acid.
The acid corrodes the wight!
You destroy the wight!
Vehumet accepts your kill.
The frozen ramparts melt away.
* * * LOW HITPOINT WARNING * * *
You feel sick.
The wight hits you with a +2 short sword!
You die...

.... .. ### ##.(.#..
.... #.. ......##.... ..
... .(..>....#. .. (.(.
#.......... .. .....
#.....#.... (.
....(###.?........ ..
......#.)#@.# ...
.......)(#z## .. ...
.....##..)..###.#
..........####(........
...........###.........
............#......<.#.#
....................##..
.........>..#....##....
...........##...###....


You could see a wight (corroded).

Vanquished Creatures
  A hippogriff (D:8)
  Sigmund (D:3)
  2 orc warriors
  A phantom (D:8)
  3 sky beasts
  3 ice beasts
  2 ogres
  4 centaurs
  3 bullfrogs
  2 scorpions
  3 killer bees (D:7)
  8 wights
  A howler monkey (D:5)
  3 jellies
  2 crimson imps
  A centaur zombie (D:7)
  4 hounds
  8 orc priests
  A bullfrog skeleton (D:4)
  3 iguanas
  Natasha (D:4)
  2 orc wizards
  4 worker ants
  A killer bee zombie (D:8)
  10 gnolls
  7 adders
  2 shadow imps (D:8)
  An ooze (D:2)
  2 adder skeletons
  A worm (D:4)
  2 dart slugs
  8 leopard geckos
  20 orcs
  5 ball pythons
  7 bats
  4 giant cockroaches
  11 goblins
  6 hobgoblins
  12 jackals
  12 kobolds
  A quokka (D:4)
  3 frilled lizards
  A giant cockroach zombie (D:5)
  A leopard gecko skeleton (D:5)
  A leopard gecko zombie (D:7)
  2 quokka skeletons
  5 rats
188 creatures vanquished.

Vanquished Creatures (collateral kills)
  Joseph (D:7)
  The ghost of Bvern the Changer, an amateur OpTm of Cheibriados (D:5)
  A hungry ghost (D:7)
  3 big kobolds (D:5)
  A killer bee (D:7)
  Ijyb (D:3)
  A kobold (D:5)
9 creatures vanquished.

Vanquished Creatures (others)
  3 fungi (D:5)
  A plant (D:5)
4 creatures vanquished.

Grand Total: 201 creatures vanquished

Notes
Turn   | Place    | Note
-------+----------+-------------------------------------------
     0 | D:1      | Amnesiac the Deep Elf Ice Elementalist began the quest for
                  | the Orb.
     0 | D:1      | Reached XP level 1. HP: 10/10 MP: 6/6
   171 | D:2      | Reached XP level 2. HP: 15/15 MP: 4/8
   295 | D:4      | Noticed a scorpion
   432 | D:3      | Noticed Ijyb
   639 | D:5      | Entered Level 5 of the Dungeon
  1021 | D:4      | Reached skill level 5 in Ice Magic
  1021 | D:4      | Reached XP level 3. HP: 19/19 MP: 7/10
  1026 | D:4      | Learned a level 3 spell: Frozen Ramparts
  1030 | D:4      | Learned a level 3 spell: Ozocubu's Armour
  1216 | D:4      | Killed a scorpion
  1216 | D:4      | Reached skill level 1 in Evocations
  1216 | D:4      | Reached XP level 4. HP: 24/24 MP: 8/12
  1310 | D:5      | Learned a level 4 spell: Summon Ice Beast
  1506 | D:4      | Found a sparkling altar of Nemelex Xobeh.
  1608 | D:4      | Noticed an ogre
  1619 | D:4      | Killed an ogre
  1619 | D:4      | Reached skill level 6 in Ice Magic
  1619 | D:4      | Reached XP level 5. HP: 28/28 MP: 11/14
  1877 | D:4      | Noticed Natasha
  1879 | D:4      | Killed Natasha
  2101 | D:5      | Reached XP level 6. HP: 32/32 MP: 11/15
  2232 | D:5      | Found a runed translucent gate.
  2233 | D:5      | Found a runed translucent gate.
  2233 | D:5      | Noticed Bvern's ghost (amateur OpTm)
  2234 | D:5      | Found a runed translucent gate.
  2244 | D:5      | Reached skill level 5 in Spellcasting
  2401 | D:5      | Found a staircase to the Ecumenical Temple.
  2422 | Temple   | Entered the Ecumenical Temple
  2683 | D:5      | Found a sacrificial altar of Ru.
  2912 | D:5      | Noticed an ice beast
  3527 | D:2      | Reached skill level 7 in Ice Magic
  3887 | D:3      | Killed Ijyb
  3887 | D:3      | Reached XP level 7. HP: 20/36 MP: 6/17
  4034 | D:3      | Noticed Sigmund
  4047 | D:3      | Killed Sigmund
  4047 | D:3      | Reached skill level 8 in Ice Magic
  5566 | D:5      | Killed Bvern's ghost
  5568 | D:5      | Reached XP level 8. HP: 41/41 MP: 5/20
  5571 | D:5      | Reached skill level 9 in Ice Magic
  6175 | D:6      | Reached skill level 10 in Ice Magic
  6229 | D:6      | Found an ancient bone altar of Kikubaaqudgha.
  6231 | D:6      | Found a glowing golden altar of the Shining One.
  6231 | D:6      | Found a shattered altar of Ashenzari.
  6233 | D:6      | Found an opulent altar of Gozag.
  6233 | D:6      | Found a shimmering altar of Xom.
  6233 | D:6      | Found a shimmering blue altar of Sif Muna.
  6299 | D:6      | Found a sparkling altar of Nemelex Xobeh.
  6969 | D:6      | Reached XP level 9. HP: 45/45 MP: 22/24
  7107 | D:6      | Reached skill level 11 in Ice Magic
  7127 | D:6      | Found a blossoming altar of Fedhas.
  8002 | D:7      | Noticed Joseph
  8013 | D:7      | Reached skill level 10 in Spellcasting
  8032 | D:7      | Killed Joseph
  8032 | D:7      | Reached skill level 12 in Ice Magic
  8676 | D:7      | Learned a level 2 spell: Ensorcelled Hibernation
  8681 | D:7      | Learned a level 4 spell: Hailstorm
  9312 | D:8      | Found a shimmering blue altar of Sif Muna.
  9312 | D:8      | Found a basalt altar of Yredelemnul.
  9317 | D:8      | Found a bloodstained altar of Trog.
  9319 | D:8      | Found a glowing silver altar of Zin.
  9320 | D:8      | Found a snail-covered altar of Cheibriados.
  9387 | D:8      | Found Jusoqeu's Mass Market.
  9557 | D:8      | Found an opulent altar of Gozag.
  9564 | D:8      | Found a radiant altar of Vehumet.
  9569 | D:8      | Found a hide-covered altar of Uskayaw.
  9656 | D:8      | Found an iron altar of Okawaru.
  9662 | D:8      | Became a worshipper of Vehumet
  9773 | D:8      | Reached skill level 1 in Fighting
  9773 | D:8      | Reached XP level 10. HP: 52/52 MP: 23/26
  9972 | D:8      | Mangled by a wight

Illustrated notes

Levels and vault maps discovered:
D:1:      dpeg_arrival_houses_and_road, layout_basic, serial_forest,
          infiniplex_forest_lined_3_way, infiniplex_forest_lined_3,
          infiniplex_forest_lined_room_2, infiniplex_forest_straight_3,
          infiniplex_forest_lined_1, infiniplex_forest_clump_C,
          infiniplex_forest_corner_2, infiniplex_forest_corner_1,
          infiniplex_forest_lined_ring, corexii_item_surrounded_by_moat
D:2:      cheibrodos_old_hovel, layout_basic
D:3:      layout_loops_corners, uniq_ijyb, uniq_sigmund
D:4:      layout_loops_corners, nemelex_xobeh_ov_fountains_minmay, uniq_natasha
D:5:      layout_basic, nicolae_ru_path_of_blood, minmay_temple_entry_grid,
          gammafunk_ghost_nasty_kobolds, first_ration, minmay_crystal_room,
          hex_intersection
D:6:      layout_gridville, doesnt_xom_only_xom, lemuel_doored_altar,
          fedhas_altar_1
D:7:      layout_layer_cave, uniq_joseph
D:8:      layout_cave_pools, chequers_temple_overflow_minitemple,
          nicolae_overflow_quartered_altars, hangedman_pestilent_swarm,
          minmay_shop_mass
Temple:   corrupted_temple

Skill      XL: |  1  2  3  4  5  6  7  8  9 |
---------------+----------------------------+-----
Stealth        | 3 |  3.0
Ice Magic      | 5 6 7 8 10 12 | 12.8
Spellcasting   | 4 5 7 9 10 | 10.8
Evocations     | 1 2 3 |  3.0
Dodging        | 3 |  3.4
Fighting       | 1 |  1.4

Action                   |  1- 3 |  4- 6 |  7- 9 | 10-12 || total
-------------------------+-------+-------+-------+-------++-------
Melee: Mace              |     4 |    43 |       |       ||    47
 Fire: Arbalest          |       |       |   182 |    11 ||   193
Throw: Stone             |     1 |     1 |     1 |       ||     3
 Cast: Freeze            |    34 |    22 |    27 |       ||    83
       Frozen Ramparts   |     1 |    14 |    28 |     2 ||    45
       Ozocubu's Armour  |       |     1 |     4 |       ||     5
       Summon Ice Beast  |       |     2 |     8 |       ||    10
       Ensorcelled Hiber |       |       |     1 |       ||     1
Evoke: Wand              |       |       |     3 |     2 ||     5
  Use: Scroll            |       |       |    12 |       ||    12
       Potion            |       |       |     5 |       ||     5
 Stab: Sleeping          |     1 |     1 |       |       ||     2
  Eat: Chunk             |     1 |     8 |    13 |       ||    22
       Ration            |       |       |     2 |       ||     2
Armor: Robe              |     3 |    13 |    28 |     1 ||    45
Dodge: Dodged            |    21 |    47 |    72 |     5 ||   145

Table legend:
 A = Non-vault XP
 B = Vault XP
 C = Vault XP percentage of total XP
 D = Non-vault monster count
 E = Vault monster count
 F = Vault count percentage of total count
                 A         B        C        D         E       F
            +---------+---------+-------+---------+---------+-------
      Total |    5074 |     994 |  16.4 |     182 |      15 |   7.6
            +---------+---------+-------+---------+---------+-------
        D:1 |      36 |       0 |   0.0 |      22 |       0 |   0.0
        D:2 |     147 |       1 |   0.7 |      25 |       1 |   3.8
        D:3 |      42 |     272 |  86.6 |      15 |       2 |  11.8
        D:4 |     311 |      35 |  10.1 |      14 |       1 |   6.7
        D:5 |     320 |     395 |  55.2 |      17 |      10 |  37.0
        D:6 |    1655 |       0 |   0.0 |      30 |       0 |   0.0
        D:7 |    1494 |     291 |  16.3 |      32 |       1 |   3.0
        D:8 |    1066 |       0 |   0.0 |      26 |       0 |   0.0
     Temple |       3 |       0 |   0.0 |       1 |       0 |   0.0
            +---------+---------+-------+---------+---------+-------
